 Dungeon Crawl Stone Soup version 0.20.1-1-g8b1a95d66d (webtiles) character file.

39 Ivernyr the Shooter (level 3, 0/29 HPs)
             Began as a Centaur Hunter on Nov 16, 2017.
             Succumbed to an adder's poison
             ... on level 2 of the Dungeon.
             The game lasted 00:03:03 (1474 turns).

Ivernyr the Shooter (Centaur Hunter)                Turns: 1474, Time: 00:03:03

Health: 0/29       AC:  4    Str: 14    XL:     3   Next: 26%
Magic:  3/3        EV:  9    Int: 11    God:
Gold:   67         SH:  0    Dex:  9    Spells: 2/2 levels left

rFire    . . .     SeeInvis .   a - +1 shortbow
rCold    + . .     Gourm    .   (shield currently unavailable)
rNeg     . . .     Faith    .   c - +0 leather armour
rPois    .         Spirit   .   (no helmet)
rElec    .         Reflect  .   (no cloak)
rCorr    .         Harm     .   (no gloves)
MR       .....                  (no barding)
Stlth    +.........             (no amulet)
Regen    0.1/turn               i - ring of protection from cold
MPRegen  0.1/turn               (no ring)

@: lethally poisoned (0 -> -20), very quick
A: hooves 3, deformed body, speed 2, tough skin 3
a: no special abilities


You were on level 2 of the Dungeon.
You were very hungry.

You visited 1 branch of the dungeon, and saw 2 of its levels.

You collected 67 gold pieces.

Inventory:

Hand Weapons
 a - a +1 shortbow (weapon)
Missiles
 d - 17 arrows (quivered)
Armour
 c - a +0 leather armour (worn)
Jewellery
 i - a ring of protection from cold (left hand)
Scrolls
 e - 3 scrolls of identify {unknown}
 h - a scroll of remove curse {unknown}
 k - 3 scrolls of blinking {unknown}
 l - a scroll of fog {unknown}
 m - a scroll of teleportation {unknown}
Potions
 g - a potion of ambrosia {unknown}
 j - a potion of berserk rage {unknown}
 n - 2 potions of cancellation {unknown}
 o - a potion of curing {unknown}
 p - a potion of lignification {unknown}
Comestibles
 b - 3 meat rations
 f - a bread ration


   Skills:
 - Level 2.0 Fighting
 * Level 6.1 Bows
 + Level 0.8 Armour
 - Level 1.3 Dodging
 - Level 0.4 Stealth
 + Level 1.3 Unarmed Combat


You had 2 spell levels left.
You didn't know any spells.

Dungeon Overview and Level Annotations

Branches:
Dungeon (2/15)

Altars:
Makhleb


Innate Abilities, Weirdness & Mutations

You have hooves in place of feet.
Armour fits poorly on your strangely shaped body.
You cover ground very quickly.
You have extremely tough skin. (AC +3)


Message History

Firing (i - inventory):
d - 20 arrows (quivered)
Press: ? - help, Shift-Dir - straight line, f - adder
Aim: an adder (heavily wounded)
You shoot an arrow. The arrow closely misses the adder.
* * * LOW HITPOINT WARNING * * *
You feel sick. The adder bites you.
* * * LOW HITPOINT WARNING * * *
You are more poisoned.
The adder poisons you!
Firing (i - inventory):
d - 19 arrows (quivered)
Press: ? - help, Shift-Dir - straight line, f/p - adder
Aim: an adder (heavily wounded)
You shoot an arrow. The arrow closely misses the adder.
* * * LOW HITPOINT WARNING * * *
You feel sick. The adder closely misses you.
Firing (i - inventory):
d - 18 arrows (quivered)
Press: ? - help, Shift-Dir - straight line, f/p - adder
Aim: an adder (heavily wounded)
You shoot an arrow. The arrow misses the adder.
You die...

.#
#...#####+#.##.#####
#.###.# .# #####
#.#........# #.# #.#
.# #.#..#+#...###.#
#.# ##
#.........)'...# #.#
# #...[......#####
#.# #..........####
#.# ##.............#
#.##
#..............#
#...
#(..S@.#.......#
####
#......#########
#......#
#......#....#
#......#....# #####
#......#....# #...#
.......#....# #.#.#
.......#....# #.#.#
......####### #.#.#
#


You could see an adder.

Vanquished Creatures
  Terence (D:2)
  2 bats (D:1)
  A giant cockroach (D:1)
  2 goblins (D:1)
  3 hobgoblins
  A kobold (D:1)
  4 rats (D:1)
14 creatures vanquished.

Notes
Turn   | Place    | Note
-------+----------+-------------------------------------------
     0 | D:1      | Ivernyr the Centaur Hunter began the quest for the Orb.
     0 | D:1      | Reached XP level 1. HP: 17/17 MP: 1/1
   440 | D:1      | Reached XP level 2. HP: 14/24 MP: 2/2
   633 | D:1      | Reached skill level 1 in Unarmed Combat
   937 | D:2      | Noticed Terence
   959 | D:2      | Killed Terence
   959 | D:2      | Reached skill level 6 in Bows
   959 | D:2      | Reached XP level 3. HP: 7/29 MP: 3/3
  1321 | D:2      | Found a burning altar of Makhleb.
  1473 | D:2      | HP: 1/29 [poisoned by an adder]
  1474 | D:2      | Succumbed to an adder's poison

Skill      XL: |  1  2 |
---------------+-------+-----
Unarmed Combat | 1 |  1.3
Bows           | 6 |  6.1
Fighting       | |  2.0
Armour         | |  0.8
Dodging        | |  1.3
Stealth        | |  0.4

Action                   || total
-------------------------++-------
Melee: Unarmed           ||    84
       Kick              ||    16
       Punch             ||     1
 Fire: Shortbow          ||     3
Armor: Leather armour    ||    23
Dodge: Dodged            ||    38
